 Dungeon Crawl Stone Soup version 0.28-a0-863-g8cecda6153 (webtiles) character file.

Game seed: 12386060824942475280

135 ytrimaz the Skirmisher (level 5, -6/42 HPs)
             Began as a Formicid Fighter on Nov 16, 2021.
             Killed by nerve-wracking pain
             ... invoked by an orc priest
              (9 damage)
             ... on level 4 of the Dungeon.
             The game lasted 00:02:52 (2797 turns).

ytrimaz the Skirmisher (Formicid Fighter)           Turns: 2797, Time: 00:02:52

Health: -6/42      AC:  9    Str: 21    XL:     5   Next: 42%
Magic:  5/5        EV:  9    Int:  8    God:
Gold:   153        SH:  4    Dex: 10    Spells: 4/4 levels left

rFire   . . .      SeeInvis +   a - +0 war axe
rCold   + . .      Faith    .   c - +0 buckler
rNeg    . . .      Spirit   .   b - +1 scale mail
rPois   .          Reflect  .   (helmet unavailable)
rElec   .          Harm     .   h - scarf {+Inv}
rCorr   .          Rampage  .   (no gloves)
Will    .....                   f - +0 pair of boots
Stlth   ..........              (no amulet)
HPRegen 0.14/turn               g - ring of protection from cold
MPRegen 0.09/turn               (no ring)

@: no status effects
A: permanent stasis, dig shafts and tunnels, antennae 3, four strong arms
a: Dig, Shaft Self, Evoke Invisibility


You were on level 4 of the Dungeon.
You visited 1 branch of the dungeon, and saw 4 of its levels.

You collected 153 gold pieces.

Inventory:

Hand Weapons
 a - a +0 war axe (weapon)
Armour
 b - a +1 scale mail (worn)
 c - a +0 buckler (worn)
 f - a +0 pair of boots (worn)
 h - a scarf of invisibility (worn)
Jewellery
 g - a ring of protection from cold (left hand)
 k - an amulet of reflection
Scrolls
 i - a scroll of fog
 j - 2 scrolls of summoning
Potions
 d - 2 potions of might
 e - a potion of curing {unknown}


   Skills:
 * Level 4.2 Fighting
 + Level 3.5 Axes
 * Level 4.0 Armour
 - Level 3.9 Shields
 * Level 1.4 Evocations


You had 4 spell levels left.
You didn't know any spells.
Your spell library was empty.

Dungeon Overview and Level Annotations

Branches:
Dungeon (4/15)
 Temple: D:4-7

Altars:


Innate Abilities, Weirdness & Mutations

You cannot be hasted, slowed, berserked, paralysed or teleported.
You can dig through walls and to a lower floor.
You have a pair of large antennae on your head. (SInv)
Your four strong arms can wield two-handed weapons with a shield.


Message History

You hit the orc priest but do no damage.
The orc priest hits you with a +0 flail.
The orc priest closely misses you.
The orc priest hits you with a +0 flail.
You hit the orc priest but do no damage.
The orc priest is lightly wounded.
You hit the orc priest but do no damage.
You block the orc priest's attack.
The orc priest hits you but does no damage.
You barely miss the orc priest.
The orc priest is lightly wounded.
You hit the orc priest.
The orc priest begins to cast a cantrip, but forgets the words!
You block the orc priest's attack. x2
There are monsters nearby!
There are monsters nearby!
Unknown command.
You closely miss the orc priest.
The orc priest is lightly wounded.
You barely miss the orc priest.
The orc priest hits you but does no damage. x2
The orc priest hits you with a +0 flail!
You barely miss the orc priest.
The orc priest is lightly wounded.
You hit the orc priest.
The orc priest hits you but does no damage.
The orc priest hits you with a +0 flail!
You hit the orc priest but do no damage.
The orc priest is lightly wounded.
You hit the orc priest. The orc priest misses you.
The orc priest barely misses you.
The orc priest invokes the aid of Beogh against you.
Beogh smites you!
* * * LOW HITPOINT WARNING * * *
You hit the orc priest but do no damage.
The orc priest is lightly wounded.
You barely miss the orc priest.
The orc priest calls down the wrath of Beogh upon you.
Pain shoots through your body!
You die...

...............
...............
...............
................
.................
..................
$..........oo......
...........@.......
.............)......
........................
.......................#
....................##..
..................### .
..................#
........>.....###..#
#........#))### #..#


You could see 2 orc priests.

Vanquished Creatures
  4 adders (D:3)
  3 worms
  A dart slug (D:2)
  9 orcs
  8 endoplasms
  6 giant cockroaches
  6 goblins
  5 hobgoblins
  5 jackals
  A quokka (D:1)
  5 ball pythons
  4 bats
  3 frilled lizards
  6 kobolds
  11 rats
77 creatures vanquished.

Notes
Turn   | Place    | Note
-------+----------+-------------------------------------------
     0 | D:1      | ytrimaz the Formicid Fighter began the quest for the Orb.
     0 | D:1      | Reached XP level 1. HP: 18/18 MP: 1/1
   156 | D:1      | Reached XP level 2. HP: 24/24 MP: 2/2
   365 | D:1      | Reached XP level 3. HP: 27/29 MP: 3/3
   936 | D:2      | Reached XP level 4. HP: 37/37 MP: 4/4
  1783 | D:3      | Reached skill level 1 in Evocations
  2112 | D:3      | Reached XP level 5. HP: 32/42 MP: 5/5
  2797 | D:4      | Killed from afar by an orc priest

Illustrated notes

Levels and vault maps discovered:
D:1:      giann_forest_graveyard, layout_basic
D:2:      layout_loops_corners
D:3:      minmay_evil_eye, layout_rooms
D:4:      layout_layer_cave, uniq_ijyb

Skill      XL: |  1  2  3  4  5 |
---------------+----------------+-----
Axes           | 3 |  3.5
Evocations     | 1 |  1.4
Fighting       | 4 |  4.2
Armour         | 4 |  4.0
Shields        | |  3.9

Action                   |  1- 3 |  4- 6 || total
-------------------------+-------+-------++-------
Melee: War axe           |    78 |   128 ||   206
  Use: Scroll            |       |     5 ||     5
Armor: Scale mail        |    48 |    70 ||   118
Dodge: Dodged            |    28 |    63 ||    91
Block: Buckler           |    13 |    41 ||    54

Table legend: (Time is in decaauts)
 A = Elapsed time spent in this place.
 B = Non-inter-level travel time spent in this place.
 C = Inter-level travel time spent in this place.
 D = Time resting spent in this place.
 E = Time spent auto-exploring this place.
 F = Levels seen in this place.
 G = Mean time per level.
                   A        B        C        D        E       F      G
               +--------+--------+--------+--------+--------+-----+--------+
         Total |   2868 |   2711 |    157 |      0 |   2166 |   4 |  717.0 |
       Dungeon |   2868 |   2711 |    157 |      0 |   2166 |   4 |  717.0 |
               +--------+--------+--------+--------+--------+-----+--------+

Top non-repeatable levels by time:
     D:2: 978 daAuts
     D:3: 933 daAuts
     D:1: 818 daAuts
     D:4: 138 daAuts
